 Dungeon Crawl Stone Soup version 0.17-a0-121-gf94917f (webtiles) character file.

132 Pikaro the Firebug (level 4, -1/33 HPs)
             Began as a Demigod Fire Elementalist on Mar 22, 2015.
             Slain by an orc
             ... wielding a +0 whip
              (5 damage)
             ... on level 3 of the Dungeon.
             The game lasted 00:06:23 (2671 turns).

Pikaro the Firebug (Demigod Fire Elementalist)      Turns: 2671, Time: 00:06:24

Health: -1/33      AC:  2    Str: 11    XL:     4   Next: 62%
Magic:  6/9        EV: 12    Int: 21    God:
Gold:   87         SH:  0    Dex: 16    Spells: 1 memorised, 5 levels left

rFire  . . .     SeeInvis .     f - +2 short sword (flame)
rCold  . . .     Clarity  .     a - +0 robe
rNeg   . . .     SustAb   +     (no shield)
rPois  .         Gourm    .     (no helmet)
rElec  .         Spirit   .     (no cloak)
rCorr  .         Warding  .     (no gloves)
rMut   .         Stasis   .     (no boots)
MR     .....                    l - amulet of rage {+Rage, !d}
Stlth  ++........               (no ring)
                                (no ring)

@: very slightly contaminated, not resistant to hostile enchantments, unstealthy
A: sustain abilities
a: Evoke Berserk Rage


You were on level 3 of the Dungeon.
You were not hungry.

You visited 1 branch of the dungeon, and saw 3 of its levels.

You collected 87 gold pieces.

Inventory:

Hand weapons
 f - a +2 short sword of flaming (weapon)
   (You found it on level 1 of the Dungeon)
Armour
 a - a +0 robe (worn)
Jewellery
 l - an amulet of rage (around neck) {+Rage, !d}
   (You found it on level 1 of the Dungeon)
Scrolls
 d - 2 scrolls of identify
 g - a scroll of teleportation {unknown}
 h - a scroll of enchant armour {unknown}
 i - 2 scrolls of remove curse {unknown}
 j - 2 scrolls of enchant weapon {unknown}
 m - a scroll of fog {unknown}
 o - a scroll of fear {unknown}
Potions
 e - a potion of restore abilities
Books
 b - a book of Flames
Comestibles
 c - 6 bread rations
 k - a beef jerky
 p - a meat ration


   Skills:
 - Level 1.7 Dodging
 - Level 1.7 Stealth
 - Level 1.7 Spellcasting
 + Level 3.1 Conjurations
 + Level 4.0 Fire Magic


You had 5 spell levels left.
You knew the following spells:

 Your Spells              Type           Power        Failure   Level  Hunger
a - Flame Tongue          Conj/Fire      ###..        3%          1    #......


Dungeon Overview and Level Annotations

Branches:
Dungeon (3/15)


Innate Abilities, Weirdness & Mutations

Your attributes are resistant to harm.


Message History

You start resting.
Some of the chunks of flesh in your inventory have rotted away.
Health restored: 33; MP restored: 9; Total turns waited: 24 a mace; an orc corpse You see here 22 stones.
You see here 22 stones.
An orc comes into view.
Aim: an orc (resting)
The flame tongue hits the orc.
You kill the orc!
You now have 8/9 mp.
No target in view!
You start resting.
Eating a chunk of flesh.
You continue eating. x2
MP restored: 9; Total turns waited: 8
d - 3 scrolls of identify (gained 1)
A giant cockroach comes into view.
Aim: a giant cockroach The flame tongue hits the giant cockroach.
You kill the giant cockroach!
You now have 8/9 mp.
No target in view!
You start resting.
MP restored: 9; Total turns waited: 8 A bat comes into view.
Drink which item? (? for menu, Esc to quit)
Okay, then.
A bat comes into view.
You see here 6 gold pieces.
Aim: a bat (resting)
The flame tongue hits the bat.
You kill the bat!
You now have 8/9 mp.
Aim: a bat The flame tongue hits the bat.
You kill the bat!
You now have 7/9 mp.
No target in view!
No target in view!
Read which item? (? for menu, Esc to quit)
Identify which item? (\ to view known items) (? for menu, Esc to quit)
As you read the scroll of identify, it crumbles to dust.
e - a potion of restore abilities You start resting.
MP restored: 9; Total turns waited: 14 You now have 87 gold pieces (gained 6).
An orc and an orc wizard come into view.
The orc wizard shouts!
An orc comes into view.
The orc shouts!
The orc wizard gestures at you while chanting.
The magic dart hits you!
You take 7 damage, and have 26/33 hp.
MASSIVE DAMAGE!!
Aim: an orc wizard, wielding a dagger and wearing a robe The flame tongue hits the orc wizard.
The orc wizard appears unharmed.
The orc shouts!
You now have 8/9 mp.
Aim: an orc wizard, wielding a dagger and wearing a robe The flame tongue hits the orc wizard.
The orc wizard appears unharmed.
The orc wizard gestures at you while chanting.
The magic dart hits you!
A bat comes into view.
You take 7 damage, and have 19/33 hp.
MASSIVE DAMAGE!!
You now have 7/9 mp.
Aim: an orc wizard, wielding a dagger and wearing a robe The flame tongue hits the orc wizard.
The orc wizard appears unharmed.
You now have 6/9 mp.
Aim: an orc wizard, wielding a dagger and wearing a robe You miscast Flame Tongue.
You are very lightly contaminated with residual magic.
Lukewarm flames ripple over your body. The orc wizard hits you with a dagger.
You take 2 damage, and have 17/33 hp.
You now have 5/9 mp.
You hit the orc wizard! You burn the orc wizard. The bat hits you.
The orc wizard hits you but does no damage.
A rat comes into view.
You take 1 damage, and have 16/33 hp.
You miss the orc wizard. The bat completely misses you.
The orc wizard barely misses you. The orc closely misses you.
You barely miss the orc wizard. The bat hits you but does no damage.
The bat closely misses you.
The orc wizard gestures at you while chanting.
The magic dart hits you!
* * * LOW HITPOINT WARNING * * *
The orc closely misses you. The orc barely misses you.
You take 7 damage, and have 9/33 hp.
MASSIVE DAMAGE!!
You hit the orc wizard. You burn the orc wizard. The bat misses you.
The orc wizard hits you with a dagger.
* * * LOW HITPOINT WARNING * * *
The orc closely misses you. x2
You take 1 damage, and have 8/33 hp.
You closely miss the orc wizard. The bat hits you.
* * * LOW HITPOINT WARNING * * *
The bat closely misses you. The orc wizard hits you with a dagger.
* * * LOW HITPOINT WARNING * * *
The orc hits you with a whip.
You die...

..# #.# #.# # #.# ##.##
#.# ..<..###### #.#
..........# #.######
.......ob..# #.#....#
....r..o@..####.#....####
.......o.................
........................
##.#.#########.#....####
+..#. #.+....'...
##..######## #.#....###.
+.......)<.# #.#....# #.
###..###.#.#.#.#....# #.
+........#.#.#.###### #.


You could see an orc wizard, 2 orcs, a bat and a rat.

Vanquished Creatures
  5 adders (D:2)
  2 gnolls (D:2)
  A worm (D:2)
  A giant gecko (D:1)
  2 orcs (D:3)
  4 giant cockroaches
  7 goblins
  4 hobgoblins
  9 kobolds
  A ball python (D:1)
  13 bats
  2 giant newts
  5 jackals (D:1)
  10 rats
66 creatures vanquished.

Notes
Turn   | Place    | Note
--------------------------------------------------------------
     0 | D:1      | Pikaro, the Demigod Fire Elementalist, began the quest for the Orb.
     0 | D:1      | Reached XP level 1. HP: 14/14 MP: 3/3
    24 | D:1      | Reached skill level 1 in Conjurations
   329 | D:1      | Reached skill level 3 in Fire Magic
   370 | D:1      | HP: 3/14 [giant cockroach (2)]
   383 | D:2      | HP: 3/14 [bat (1)]
   384 | D:2      | Reached XP level 2. HP: 4/20 MP: 1/4
  1361 | D:1      | Reached skill level 2 in Conjurations
  1361 | D:1      | Reached XP level 3. HP: 26/26 MP: 0/7
  2037 | D:2      | Reached XP level 4. HP: 33/33 MP: 6/9
  2187 | D:2      | Found a stormy altar of Qazlal.
  2420 | D:2      | Reached skill level 4 in Fire Magic
  2421 | D:2      | Reached skill level 3 in Conjurations
  2670 | D:3      | HP: 8/33 [orc wizard/dagger (2)]
  2671 | D:3      | Slain by an orc

Action                   |  1- 3 |  4- 6 || total
-------------------------+-------+-------++-------
Melee: Unarmed           |    34 |       ||    34
       Short sword       |       |     5 ||     5
 Cast: Flame Tongue      |    73 |    37 ||   110
  Use: Scroll            |     2 |     1 ||     3
  Eat: Chunk             |     4 |     3 ||     7

Vault maps used:
D:1:      saegor_arrival_simple_a, minmay_close_crescents
D:2:      lemuel_crystal_altar, first_bread, minmay_misc_feat_rows

Table legend:
 A = Turns spent in this place as a percentage of turns spent in the entire game.
 B = Non-inter-level travel turns spent in this place as a percentage of non-inter-level travel turns spent in the entire game.
 C = Inter-level travel turns spent in this place as a percentage of turns spent in this place.
 D = Turns resting spent in this place as a percentage of non-inter-level travel turns spent in this place.
 E = Turns spent auto-exploring this place as a percentage of non-inter-level travel turns spent in this place.
 F = Non-inter-level travel turns spent in this place divided by the number of levels of this place that you've seen.
                   A       B       C       D       E      F
               +-------+-------+-------+-------+-------+----------------------
         Total | 100.0 | 100.0 |   0.3 |  16.6 |  12.5 | 196.7
       Dungeon | 100.0 | 100.0 |   0.3 |  16.6 |  12.5 | 196.7
               +-------+-------+-------+-------+-------+----------------------

Table legend:
 A = Kills in this place as a percentage of kills in entire the game.
 B = Kills by you in this place as a percentage of kills by you in the entire game.
 C = Kills by friends in this place as a percentage of kills by friends in the entire game.
 D = Other kills in this place as a percentage of other kills in the entire game.
 E = Experience gained in this place as a percentage of experience gained in the entire game.
 F = Experience gained in this place divided by the number of levels of this place that you have seen.
                   A       B       C       D       E      F
               +-------+-------+-------+-------+-------+----------------------
         Total | 100.0 | 100.0 |  -nan |  -nan | 100.0 |  63.0
       Dungeon | 100.0 | 100.0 |  -nan |  -nan | 100.0 |  63.0
               +-------+-------+-------+-------+-------+----------------------
